cohdb
Replays
Latest Replays
All Replays
Popular Replays
Top Player Replays
Match Explorer
How It Works
Community
CoH3 Stats
Reddit
Sign in to upload your games and track your stats! →
Sign in with Steam
Match 43116408
Unlisted
Match 43116408
Overview
Messages
Build Orders
End
Construct Infanterie Kompanie
Selects Italian Coastal Battlegroup
Selects Italian Coastal Battlegroup
Selects Coastal Reserves
Grenadier Squad
Coastal Reserve
Grenadier Squad
MG 42 Machine Gun Team
Medical Station
MG 42 Machine Gun Team
Construct Panzergrenadier Kompanie
Selects Support Bunkers
Panzergrenadier Squad
Pak 40 Anti-tank Gun Team
Selects Rapid Fortifications
Rapid Fortifications
MG 42 Bunker
Panzergrenadier Squad
Support Elements
Pak 40 Anti-tank Gun Team
Rapid Fortifications
Construct Panzer Kompanie
Selects Bulwark
Selects Artillery Officer
Selects Coastal Wall
Panzer IV Medium Tank
Rapid Fortifications
MG 42 Bunker
Pak 40 Anti-tank Gun Team
Artillery Officer
Rapid Fortifications
Pioneer Squad
MG 42 Bunker
|B|r|@|v|3|H|e|@|r|T|
DibbeTC
0
0
Comments
sign in to comment!
No comments posted yet!